 Dungeon Crawl Stone Soup version 0.25-a0-565-g8875c97ebb (webtiles) character file.

Game seed: 198705391060618638, levelgen mode: classic

52 EnegeticOcto the Shield-Bearer (level 3, 32/34 HPs)
             Began as a Deep Dwarf Fighter on Feb 26, 2020.
             Quit the game on level 3 of the Dungeon.
             The game lasted 00:00:24 (386 turns).

EnegeticOcto the Shield-Bearer (Deep Dwarf Fighter)  Turns: 386, Time: 00:00:25

Health: 32/34      AC:  6    Str: 20    XL:     3   Next: 60%
Magic:  3/3        EV:  7    Int:  8    God:
Gold:   18         SH:  9    Dex: 12    Spells: 2/2 levels left

rFire    . . .     SeeInvis .   a - +0 war axe
rCold    . . .     Gourm    .   c - +0 kite shield
rNeg     . . .     Faith    .   b - +0 scale mail
rPois    .         Spirit   .   (no helmet)
rElec    .         Reflect  .   (no cloak)
rCorr    .         Harm     .   (no gloves)
MR       .....                  (no boots)
Stlth    ..........             (no amulet)
HPRegen  0.00/turn              (no ring)
MPRegen  0.08/turn              (no ring)

@: non-regenerating, very slow
A: damage resistance, heal wounds, sense surroundings 1, no regeneration
a: Heal Wounds


You were on level 3 of the Dungeon.
You were not hungry.

You visited 1 branch of the dungeon, and saw 3 of its levels.

You collected 18 gold pieces.

Inventory:

Hand Weapons
 a - a +0 war axe (weapon)
Armour
 b - a +0 scale mail (worn)
 c - a +0 kite shield (worn)
Scrolls
 g - 2 scrolls of blinking {unknown}
Potions
 f - a potion of resistance {unknown}
 k - a potion of might {@q3}
Comestibles
 d - 7 chunks of flesh
 e - 3 rations


   Skills:
 * Level 3.2 Fighting
 * Level 3.0 Axes
 + Level 3.5 Armour
 + Level 1.1 Dodging
 + Level 3.5 Shields


You had 2 spell levels left.
You didn't know any spells.
Your spell library was empty.

Dungeon Overview and Level Annotations

Branches:
Dungeon (3/15)

Altars:
Xom


Innate Abilities, Weirdness & Mutations

You are resistant to damage.
You can heal yourself by infusing magical energy.
You passively map a small area around you.
You do not regenerate.


Message History

No target in view!
No target in view!
(D) Dungeon
Where to? (Enter - D:2, ? - help)
You see here 19 stones.
There is a stone staircase leading down here.
You climb downwards.
An adder and 5 dart slugs come into view.
The adder hisses angrily.
Found six items.
Found a stone staircase leading up.
There is a stone staircase leading up here. 2 dart slugs come into view.
You enter the shallow water.
Moving in this stuff is going to be slow.
You block the adder's attack. The adder barely misses you.
The dart slug launches a dart at you. The slug dart hits you.
Your unstable footing causes you to fumble your attack.
You block the adder's attack. The dart slug launches a dart at you.
The slug dart hits you. The adder bites you.
You closely miss the adder. You block the adder's attack.
The dart slug launches a dart at you. The slug dart hits you.
You closely miss the adder. The adder closely misses you. The adder bites you.
The dart slug launches a dart at you. The slug dart hits you.
Your unstable footing causes you to fumble your attack.
The adder bites you. x2
You slash the adder!
The adder is almost dead.
You slash the dart slug!
You kill the dart slug!
Your Dodging skill increases to level 1!
The adder bites you.
You are poisoned.
The adder poisons you! The adder bites you but does no damage.
You closely miss the adder.
The adder is almost dead.
You slash the dart slug!
The adder bites you but does no damage. x2
The dart slug launches a dart at you. You block the slug dart.
The dart slug launches a dart at you.
The slug dart hits you but does no damage.
You completely miss the adder.
The adder is almost dead.
You hit the dart slug. You block the adder's attack.
The dart slug bites you but does no damage.
The adder bites you.
You barely miss the adder.
The adder is almost dead.
You hit the dart slug.
You kill the dart slug!
The adder bites you. You block the adder's attack.
The dart slug launches a dart at you.
The slug dart hits you but does no damage.
You hit the adder but do no damage.
The adder is almost dead.
The adder barely misses you. The dart slug launches a dart at you.
The slug dart hits you. The adder bites you but does no damage.
You hit the adder.
The adder is almost dead.
You hit the dart slug but do no damage. You block the adder's attack.
The dart slug launches a dart at you. The slug dart hits you.
The adder closely misses you. You block the dart slug's attack.
There are monsters nearby!
There are monsters nearby!
You hit the adder.
The adder is almost dead.
You hit the dart slug. The adder bites you but does no damage.
The adder bites you but does no damage.
You feel much better. You block the adder's attack.
You hit the adder.
You kill the adder!
You slash the dart slug!
You kill the dart slug!
Your Axes skill increases to level 3!
The dart slug launches a dart at you. The slug dart hits you.
No reachable target in view!
No reachable target in view!
No reachable target in view!
No reachable target in view!
No reachable target in view!
No reachable target in view!
No reachable target in view!
No reachable target in view!
No reachable target in view!
No reachable target in view!
No reachable target in view!
You enter the shallow water.
Moving in this stuff is going to be slow.
You are no longer poisoned.
The dart slug launches a dart at you.
The slug dart hits you but does no damage.
There are monsters nearby!
There are monsters nearby!
Are you sure you want to abandon this character and quit the game? (Confirm with "yes".)

, .##≈≈.≈≈##. ,
##.≈≈≈≈≈≈#w#)
.,##≈≈≈≈≈≈#≈≈≈≈#$
*
..#≈w≈≈≈..$≈≈≈≈≈.
...≈≈≈≈≈..#.#≈≈≈)
*
##≈≈≈≈≈≈≈.≈≈≈≈≈≈≈
#≈≈≈≈≈≈≈≈(≈≈≈≈≈≈≈
#≈≈≈≈≈††.<.≈≈≈≈≈#
,
..≈≈≈≈#@.<.≈≈≈≈≈≈
,
.≈≈≈≈≈≈≈!$.≈≈≈≈≈≈
.≈≈≈≈#≈≈≈.≈≈≈≈≈≈≈
, * ..≈≈
#≈≈#..≈≈≈≈≈≈ #..
#≈≈≈...≈≈≈≈≈. #.
≈≈#≈≈≈)?≈≈≈≈≈. *
#
##≈≈w#≈≈#≈≈≈≈#.,,
##.#≈≈≈≈≈wr.. *


You could see 4 dart slugs and a quokka.

Vanquished Creatures
  An adder (D:3)
  2 oozes (D:2)
  A worm (D:2)
  4 dart slugs
  3 goblins
  A hobgoblin (D:1)
  4 jackals (D:2)
  A bat (D:1)
  A frilled lizard (D:1)
  3 kobolds
  3 rats
24 creatures vanquished.

Notes
Turn   | Place    | Note
-------+----------+-------------------------------------------
     0 | D:1      | EnegeticOcto the Deep Dwarf Fighter began the quest for the
                  | Orb.
     0 | D:1      | Reached XP level 1. HP: 20/20 MP: 1/1
    72 | D:1      | Reached XP level 2. HP: 27/27 MP: 2/2
   156 | D:2      | Found a shimmering altar of Xom.
   291 | D:2      | Reached XP level 3. HP: 26/34 MP: 3/3
   375 | D:3      | Reached skill level 1 in Dodging
   386 | D:3      | Quit the game

Levels and vault maps discovered:
D:1:      dpeg_arrival_tiny_a, layout_basic, st_stairs_8, minmay_lizard_king
D:2:      layout_loops_ring, xom_butterflies, first_ration,
          chequers_ecumenical_altar_island, grunt_decor_resistance, uniq_jessica
D:3:      kennysheep_slugbush, layout_rooms, uniq_sigmund, uniq_ijyb

Skill      XL: |  1  2  3 |
---------------+----------+-----
Fighting       | 3 |  3.2
Dodging        | 1 |  1.1
Axes           | 3 |  3.0
Armour         | |  3.5
Shields        | |  3.5

Action                   || total
-------------------------++-------
Melee: War axe           ||    77
 Abil: Heal Wounds       ||     1
Armor: Scale mail        ||    43
Dodge: Dodged            ||    22
Block: Kite shield       ||    38

Table legend:
 A = Non-vault XP
 B = Vault XP
 C = Vault XP percentage of total XP
 D = Non-vault monster count
 E = Vault monster count
 F = Vault count percentage of total count
                 A         B        C        D         E       F
            +---------+---------+-------+---------+---------+-------
      Total |      63 |      12 |  16.0 |      21 |       3 |  12.5
            +---------+---------+-------+---------+---------+-------
        D:1 |      12 |       0 |   0.0 |       7 |       0 |   0.0
        D:2 |      37 |       0 |   0.0 |      13 |       0 |   0.0
        D:3 |      14 |      12 |  46.2 |       1 |       3 |  75.0
            +---------+---------+-------+---------+---------+-------
